 Dungeon Sprint DCSS version 0.20.1-1-g8b1a95d (webtiles) character file.

106592 equalderp2856 the Severer (level 13, -9/140 HPs)
             Began as a Minotaur Fighter on Sept 5, 2017.
             Was an Initiate of Gozag.
             Killed from afar by Jory (59 damage)
             ... with a crystal spear
             ... in the Dungeon (Sprint IX: "|||||||||||||||||||||||||||||").
             The game lasted 00:27:41 (10639 turns).

equalderp2856 the Severer (Minotaur Fighter)       Turns: 10639, Time: 00:27:42

Health: -9/140     AC: 29    Str: 26    XL:     13   Next: 86%
Magic:  14/14      EV: 12    Int:  7    God:    Gozag
Gold:   13665      SH: 27    Dex: 13    Spells: 12/12 levels left

rFire    + . .     SeeInvis .   O - +3 broad axe
rCold    + . .     Gourm    .   X - +3 large shield
rNeg     . . .     Faith    .   Q - +2 plate armour
rPois    +         Spirit   .   z - +2 hat
rElec    +         Reflect  .   y - +0 cloak
rCorr    +         Harm     .   t - +0 pair of gloves
MR       .....     NoTele   +   P - +1 pair of boots
Stlth    ..........             (no amulet)
Regen    0.4/turn               (no ring)
MPRegen  0.2/turn               (no ring)

@: mighty, resistant, mesmerised, very slightly contaminated, hasted, bribing
[the Dungeon], very quick
A: retaliatory headbutt, horns 2
}: 4/15 runes: decaying, serpentine, barnacled, gossamer
a: Potion Petition, Call Merchant, Bribe Branch, Renounce Religion


You were in the Dungeon.
You worshipped Gozag.
Gozag was extremely pleased with you.
You were not hungry.

You visited 1 branch You collected 25461 gold pieces.
You spent 1884 gold pieces at shops.
You paid 9912 gold pieces to Gozag.

Inventory:

Hand Weapons
 a - a +0 war axe
 f - a +0 flail
 r - a +3 war axe of chopping
 O - a +3 broad axe (weapon)
Armour
 c - a +0 shield
 t - a +0 pair of gloves (worn)
 y - a +0 cloak (worn)
 z - a +2 hat (worn)
 P - a +1 pair of boots (worn)
 Q - a +2 plate armour (worn)
 R - +1 ice dragon scales
 X - a +3 large shield (worn)
 Y - the +0 pair of boots of Watchfulness {rPois Dex+3 Stlth+}
   (You found it in the Dungeon)

   It affects your dexterity (+3).
   It protects you from poison.
   It makes you more stealthy.
 Z - a +1 pair of boots
Jewellery
 p - a +3 ring of intelligence
 q - a +3 ring of dexterity
 A - a +3 ring of dexterity
 D - an uncursed ring of stealth
 E - an uncursed amulet of faith {unknown}
 H - the ring "Builuwon" {+Fly rC+, unknown}
   (You bought it in a shop in the Dungeon)

   [ring of flight]

   It protects you from cold.
   It lets you fly.
 L - an uncursed ring of protection from magic
 M - an uncursed ring of fire
 N - an uncursed ring of ice
 S - a +4 ring of protection
 T - a +6 ring of strength
 U - a +2 ring of slaying
 V - an uncursed amulet of regeneration
 W - a +6 ring of intelligence
Wands
 o - a wand of lightning (0/15)
Scrolls
 k - a scroll of blinking
 m - 5 scrolls of remove curse
 n - 3 scrolls of amnesia
 v - 5 scrolls of enchant armour
 w - 8 scrolls of enchant weapon
 B - 5 scrolls of fear
 C - a scroll of brand weapon
 G - 2 scrolls of identify {unknown}
 J - 4 scrolls of recharging
 K - 2 scrolls of fog
Potions
 e - 7 potions of curing
 h - 5 potions of haste
 i - 4 potions of magic
 l - a potion of invisibility
 s - a potion of berserk rage
 u - 4 potions of brilliance
Books
 F - a book of Geomancy

   Spells                             Type                      Level
   a - Sandblast                      Earth                        1
   b - Passwall                       Transmutation/Earth          2
   c - Stone Arrow                    Conjuration/Earth            3
   d - Petrify                        Transmutation/Earth          4
   e - Lee's Rapid Deconstruction     Earth                        5
Comestibles
 g - 13 bread rations
 j - 40 fruits
 x - 10 meat rations
 I - 2 royal jellies


   Skills:
 + Level 20.4 Fighting
 + Level 20.7(21.1) Axes
 + Level 8.2(15.8) Maces & Flails
 + Level 19.0 Armour
 + Level 10.3 Dodging
 + Level 6.7 Stealth
 + Level 20.7 Shields
 + Level 3.2 Evocations


You had 12 spell levels left.
You didn't know any spells.

Dungeon Overview and Level Annotations

Branches:
Dungeon (1/1)

Altars:
Cheibriados
Dithmenos
Elyvilon
Fedhas
Gozag
Hepliaklqana
Kikubaaqudgha
Makhleb
Nemelex Xobeh
Okawaru
Qazlal
Ru
Sif Muna
Trog
Uskayaw
Vehumet
Xom
Yredelemnul
Zin
The Shining One
Beogh
Jiyva
Lugonu

Shops:
D ?**(

Annotations:
D Jory


Innate Abilities, Weirdness & Mutations

You reflexively headbutt those who attack you in melee.
You have a pair of horns on your head.


Message History

Purchase which effect?
You feel much better.
Magic courses through your body. [a] - 460 gold - heal wounds, haste, agility and brilliance [b] - 567 gold - haste, brilliance, agility and flight [c] - 312 gold - heal wounds, curing and berserk rage Purchase which effect?
You feel much better.
You feel better.
You are too mesmerised to rage.
Unknown command.
Jory gestures at you while chanting.
The crystal spear hits you! [a] - 377 gold - resistance and flight [b] - 408 gold - haste, agility and flight [c] - 600 gold - resistance, might and haste Purchase which effect?
You feel protected.
You feel mightier all of a sudden.
You feel yourself speed up. Jory gestures at you while chanting.
The crystal spear hits you!
You die...
Your body crumbles into a pile of gold.

.................................
▓▓▓▓▓▓▓▓▓▓▓▓▓▓▓▓▓▓▓▓▓▓▓▓▓▓▓▓▓▓▓▓▓
[[......)))))).........'.........
▓▓▓▓▓▓▓▓▓▓▓▓▓▓▓▓▓▓▓▓▓▓▓▓▓▓▓▓▓▓▓▓▓
............)).).................
▓▓▓▓▓▓▓▓▓▓▓▓▓▓▓♣♣♣♣♣♣♣♣♣♣♣♣♣♣▓▓▓▓
')))))..)...))))..ppC.......'....
▓▓▓▓▓▓▓▓▓▓▓▓▓▓▓♣♣♣♣♣♣♣♣♣♣♣♣♣♣▓▓▓▓
.)....).$$$[$$V.@........$.......
▓▓▓▓▓▓▓▓▓▓▓▓▓▓▓▓▓▓▓▓▓▓▓▓▓▓▓▓▓▓▓▓▓
p.p.pp.ppppp).)p...pppppp'.......
▓▓▓▓▓▓▓▓▓▓▓▓▓▓▓▓▓▓▓▓▓▓▓▓▓▓▓▓▓▓▓▓▓
,,,,,,,,,,,,,,,,,,,,,,,,,,,,,,,,,
*********************************
,,,,,,,,,,,,,,,,,,,,,,,,,,,,+,,,,
*********************************
,,,,,,,,,,,,,,,,,,,,,,,,,,,,,,,,,


You could see Jory.

Vanquished Creatures
  Gastronok (D)
  An emperor scorpion (D)
  Nessos (D)
  Josephine (D)
  2 vault guards (D)
  An ogre mage (D)
  A ghost crab (D)
  A hydra (D)
  A catoblepas (D)
  A merfolk avatar (D)
  2 unseen horrors (D)
  4 orc knights (D)
  A naga ritualist (D)
  2 wolf spiders (D)
  An ironbrand convoker (D)
  2 orc sorcerers (D)
  2 yaktaurs (D)
  A black mamba (D)
  A vault sentinel (D)
  A gargoyle (D)
  4 spiny frogs (D)
  4 komodo dragons (D)
  3 demonic crawlers (D)
  3 polar bears (D)
  3 jumping spiders (D)
  A snapping turtle (D)
  A hornet (D)
  A slime creature (D)
  3 hippogriffs (D)
  5 wraiths (D)
  A shadow (D)
  A vampire (D)
  A redback (D)
  A tarantella (D)
  A yak (D)
  2 fire elementals (D)
  3 hogs (D)
  A vampire mosquito (D)
  A soldier ant (D)
  2 hell hounds (D)
  A naga (D)
  6 water moccasins (D)
  2 porcupines (D)
  12 orc warriors (D)
  5 black bears (D)
  A wolf (D)
  A bullfrog (D)
  A crimson imp (D)
  2 hounds (D)
  3 orc priests (D)
  2 orc wizards (D)
  A worker ant (D)
  An adder (D)
  An adder zombie (D)
  A dart slug (D)
  7 orcs (D)
  A bat skeleton (D)
  A giant cockroach (D)
  A hobgoblin (D)
  A kobold (D)
  A quokka (D)
  A frilled lizard (D)
  A goblin (D)
  A rat (D)
125 creatures vanquished.

Vanquished Creatures (collateral kills)
  A lich (D)
  2 shadow dragons (D)
  Ilsuiw (D)
  2 nagarajas (D)
  A vault warden (D)
  2 emperor scorpions (D)
  An ironheart preserver (D)
  An entropy weaver (D)
  A vampire knight (D)
  3 ettins (D)
  A merfolk javelineer (D)
  An ettin (shapeshifter) (D)
  A merfolk impaler (D)
  Harold (D)
  A vault guard (D)
  2 centaur warriors (D)
  2 merfolk aquamancers (D)
  A hell knight (D)
  A merfolk avatar (D)
  2 alligators (D)
  8 swamp dragons (D)
  A vault sentinel (D)
  A harpy (D)
  3 orc knights (D)
  2 ironbrand convokers (D)
  2 necromancers (D)
  A salamander (D)
  3 moths of wrath (D)
  A merfolk siren (D)
  A guardian serpent (D)
  Psyche (D)
  A yaktaur (shapeshifter) (D)
  A demonic crawler (D)
  A yaktaur (D)
  2 merfolk (D)
  2 jumping spiders (D)
  A tyrant leech (D)
  A hornet (D)
  A slime creature (D)
  A hornet (shapeshifter) (D)
  A snapping turtle (D)
  4 redbacks (D)
  A wraith (D)
  A hog (D)
  A naga (D)
  2 orc warriors (D)
  4 swamp drakes (D)
  A black bear (shapeshifter) (D)
78 creatures vanquished.

Vanquished Creatures (others)
  Boris (D)
  Frederick (D)
  Saint Roka (D)
  Nikola (D)
  Rupert (D)
  A tentacled monstrosity (D)
  A tengu reaver (D)
  Kirke (D)
  5 nagarajas (D)
  2 vault wardens (D)
  2 ironheart preservers (D)
  A war gargoyle (D)
  A spriggan defender (D)
  3 stone giants (D)
  An ettin (D)
  2 merfolk javelineers (D)
  Azrael (D)
  An ice dragon (D)
  3 merfolk impalers (D)
  2 yaktaur captains (D)
  3 naga warriors (D)
  19 vault guards (D)
  A hydra (D)
  Erica (D)
  A death knight (D)
  A deep troll shaman (D)
  2 centaur warriors (D)
  4 merfolk aquamancers (D)
  An ogre mage (D)
  2 ironbrand convokers (D)
  A wizard (D)
  A vault sentinel (D)
  5 orc knights (D)
  A necromancer (D)
  A naga mage (D)
  A black mamba (D)
  2 guardian serpents (D)
  A spiny frog (D)
  A naga (D)
  A yaktaur (D)
  A troll (D)
  A fire elemental (D)
  A warg (D)
  A hell hound (D)
  2 orc warriors (D)
  2 boggarts (D)
  2 orcs (D)
92 creatures vanquished.

Grand Total: 295 creatures vanquished

Notes
Turn   | Place    | Note
-------+----------+-------------------------------------------
     0 | D        | equalderp2856 the Minotaur Fighter began the quest for the Orb.
     0 | D        | Reached XP level 1. HP: 19/19 MP: 0/0
    15 | D        | Noticed a worker ant
    15 | D        | Noticed a hound
    19 | D        | Reached XP level 2. HP: 22/28 MP: 1/1
    24 | D        | Reached skill level 5 in Fighting
    24 | D        | Reached skill level 5 in Armour
    24 | D        | Reached skill level 5 in Shields
    24 | D        | Reached XP level 3. HP: 28/37 MP: 2/2
   253 | D        | Found a roughly hewn altar of Beogh.
   253 | D        | Found a snail-covered altar of Cheibriados.
   253 | D        | Found a shadowy altar of Dithmenos.
   253 | D        | Found a white marble altar of Elyvilon.
   253 | D        | Found a blossoming altar of Fedhas.
   253 | D        | Found an opulent altar of Gozag.
   254 | D        | Found a hazy altar of Hepliaklqana.
   255 | D        | Found a viscous altar of Jiyva.
   256 | D        | Found an ancient bone altar of Kikubaaqudgha.
   257 | D        | Found a corrupted altar of Lugonu.
   258 | D        | Found a burning altar of Makhleb.
   259 | D        | Found a sparkling altar of Nemelex Xobeh.
   260 | D        | Found an iron altar of Okawaru.
   261 | D        | Found a stormy altar of Qazlal.
   262 | D        | Found a sacrificial altar of Ru.
   265 | D        | Became a worshipper of Gozag Ym Sagoz the Greedy
   268 | D        | Found a deep blue altar of Sif Muna.
   269 | D        | Found a bloodstained altar of Trog.
   270 | D        | Found a hide-covered altar of Uskayaw.
   271 | D        | Found a radiant altar of Vehumet.
   273 | D        | Found a shimmering altar of Xom.
   274 | D        | Found a basalt altar of Yredelemnul.
   275 | D        | Found a glowing silver altar of Zin.
   276 | D        | Found a glowing golden altar of the Shining One.
   356 | D        | Noticed a hippogriff
   356 | D        | Noticed a hippogriff
   356 | D        | Noticed a yak
   360 | D        | Killed a yak
   360 | D        | Reached skill level 1 in Dodging
   360 | D        | Reached XP level 4. HP: 35/48 MP: 3/3
   360 | D        | Reached XP level 5. HP: 39/53 MP: 4/4
   363 | D        | Killed an unseen horror
   363 | D        | Reached skill level 10 in Fighting
   363 | D        | Reached skill level 10 in Axes
   363 | D        | Reached skill level 10 in Armour
   363 | D        | Reached XP level 6. HP: 28/67 MP: 5/5
   363 | D        | Reached XP level 7. HP: 31/73 MP: 6/6
   371 | D        | Killed a hippogriff
   377 | D        | Killed a hippogriff
   377 | D        | Reached XP level 8. HP: 40/82 MP: 7/7
   562 | D        | Noticed a gargoyle
   562 | D        | Noticed a catoblepas
   568 | D        | Killed a catoblepas
   568 | D        | Reached skill level 1 in Stealth
   568 | D        | Reached skill level 10 in Shields
   583 | D        | Killed a gargoyle
   583 | D        | Reached XP level 9. HP: 36/90 MP: 8/8
   585 | D        | Reached skill level 5 in Dodging
  1003 | D        | Noticed a spiny frog
  1003 | D        | Noticed a spiny frog
  1003 | D        | Noticed a komodo dragon
  1321 | D        | Killed a spiny frog
  1321 | D        | Reached skill level 1 in Evocations
  1579 | D        | Killed a komodo dragon
  1658 | D        | Killed a spiny frog
  1692 | D        | Noticed a spiny frog
  1699 | D        | Killed a spiny frog
  1699 | D        | Reached skill level 15 in Axes
  1699 | D        | Reached XP level 10. HP: 81/101 MP: 10/10
  1774 | D        | Noticed a spiny frog
  1775 | D        | Noticed a four-headed hydra
  2022 | D        | Killed a spiny frog
  2374 | D        | Killed a four-headed hydra
  2374 | D        | Reached skill level 1 in Maces & Flails
  3023 | D        | Noticed Gastronok
  3041 | D        | Killed Gastronok
  3041 | D        | Reached XP level 11. HP: 77/111 MP: 12/12
  3069 | D        | Noticed Josephine
  3085 | D        | Killed Josephine
  3085 | D        | Reached skill level 15 in Fighting
  3322 | D        | Noticed an orc sorcerer
  3336 | D        | Noticed a sun demon
  3336 | D        | Killed an orc sorcerer
  3458 | D        | Noticed an orc knight
  3458 | D        | Noticed an orc knight
  3470 | D        | Killed an orc knight
  3484 | D        | Killed an orc knight
  3946 | D        | Noticed an orc sorcerer
  3952 | D        | Killed an orc sorcerer
  3988 | D        | Found Cuatong's Antique Weapon Boutique.
  3988 | D        | Noticed an orc knight
  3988 | D        | Noticed an orc knight
  3988 | D        | Noticed an orc knight
  3989 | D        | Noticed an orc knight
  4032 | D        | Killed an orc knight
  4053 | D        | Killed an orc knight
  4061 | D        | Killed an orc knight
  4087 | D        | Reached skill level 15 in Shields
  4115 | D        | Noticed an orc knight
  4117 | D        | Found Apri Kim's General Store.
  4117 | D        | Noticed an orc knight
  4121 | D        | Found Vorren's Assorted Antiques.
  4125 | D        | Found Fafesch's Magic Scroll Shop.
  4127 | D        | Noticed an orc knight
  4128 | D        | Noticed an orc knight
  4130 | D        | Noticed an orc knight
  4131 | D        | Noticed an orc knight
  4135 | D        | Killed an orc knight
  4188 | D        | Bought a scroll of fear for 35 gold pieces
  4188 | D        | Bought a scroll of brand weapon for 200 gold pieces
  4188 | D        | Bought a scroll of amnesia for 35 gold pieces
  4190 | D        | Bought a scroll labeled RUOCO VOGELOTH for 28 gold pieces
  4190 | D        | Bought a dented zirconium amulet for 140 gold pieces
  4190 | D        | Bought a hardcover book for 420 gold pieces
  4190 | D        | Bought a scroll labeled JYETAG PESIS for 28 gold pieces
  4190 | D        | Bought a smoking gossamer ring for 140 gold pieces
  4190 | D        | Bought a scroll labeled JYETAG PESIS for 28 gold pieces
  4192 | D        | Bought a royal jelly for 22 gold pieces
  4192 | D        | Bought 2 scrolls of enchant weapon for 165 gold pieces
  4192 | D        | Bought a bread ration for 55 gold pieces
  4192 | D        | Bought a royal jelly for 22 gold pieces
  4192 | D        | Bought a scroll of recharging for 104 gold pieces
  4192 | D        | Bought a scroll of fog for 22 gold pieces
  4192 | D        | Bought an uncursed amulet of rage for 440 gold pieces
  4242 | D        | Noticed Harold
  4261 | D        | Killed Harold
  4280 | D        | Noticed Erica
  4490 | D        | Noticed a stone giant
  4498 | D        | Noticed a stone giant
  4503 | D        | Noticed a stone giant
  4510 | D        | Killed a necromancer
  4510 | D        | Reached XP level 12. HP: 118/124 MP: 13/13
  4521 | D        | Reached skill level 5 in Stealth
  4671 | D        | Noticed a tentacled monstrosity
  4671 | D        | Noticed a ghost crab
  4675 | D        | Killed an alligator
  4682 | D        | Killed a ghost crab
  4891 | D        | Noticed a naga warrior
  4891 | D        | Noticed a nagaraja
  4891 | D        | Noticed a naga warrior
  4892 | D        | Noticed a nagaraja
  4896 | D        | Killed a naga warrior
  4900 | D        | Reached skill level 15 in Armour
  4931 | D        | Noticed a merfolk javelineer
  4931 | D        | Noticed a merfolk avatar
  4931 | D        | Noticed a merfolk impaler
  4934 | D        | Killed a merfolk avatar
  5059 | D        | Noticed Kirke
  5082 | D        | Killed Psyche
  5165 | D        | Noticed Rupert
  5183 | D        | Noticed a spriggan defender
  5183 | D        | Noticed an ettin
  5183 | D        | Noticed a centaur warrior
  5183 | D        | Noticed an ogre mage
  5185 | D        | Killed a centaur warrior
  5187 | D        | Killed a deep troll shaman
  5189 | D        | Killed an ogre mage
  5189 | D        | Reached skill level 10 in Dodging
  5201 | D        | Killed an ettin
  5201 | D        | Killed a centaur warrior
  5209 | D        | Killed a spriggan defender
  5218 | D        | Noticed an ice dragon
  5226 | D        | Your ally died
  5232 | D        | Killed an ice dragon
  5232 | D        | Killed Rupert
  5235 | D        | Noticed an ettin
  5237 | D        | Noticed a vampire knight
  5239 | D        | Killed a vampire knight
  5282 | D        | Noticed an ettin
  5283 | D        | Noticed a lich
  5298 | D        | Killed an ettin
  5401 | D        | Noticed an ogre mage
  5412 | D        | Noticed a vault warden
  5417 | D        | Noticed a centaur warrior
  5427 | D        | Killed a vault warden
  5428 | D        | Noticed a yaktaur captain
  5433 | D        | Noticed an ettin
  5435 | D        | Noticed a vault warden
  5437 | D        | Noticed a stone giant
  5442 | D        | Killed a vault warden
  5442 | D        | Killed a lich
  5444 | D        | Your ally died
  5446 | D        | Noticed a centaur warrior
  5446 | D        | Killed a centaur warrior
  5451 | D        | Killed an ettin
  5461 | D        | Killed a nagaraja
  5462 | D        | Killed a hell knight
  5462 | D        | Reached XP level 13. HP: 39/136 MP: 14/14
  5472 | D        | Noticed an ironheart preserver
  5473 | D        | Noticed an ironheart preserver
  6326 | D        | Noticed Azrael
  6378 | D        | Noticed Nikola
  6388 | D        | Noticed Boris
  6430 | D        | Killed a stone giant
  6468 | D        | Got the +0 pair of boots of Watchfulness {rPois Dex+3 Stlth+}
  6609 | D        | Noticed Frederick
  6615 | D        | Noticed Saint Roka
  6633 | D        | Noticed Nessos
  6640 | D        | Killed Nessos
  6732 | D        | Killed Saint Roka
  6744 | D        | Your ally died
  7568 | D        | Got a decaying rune of Zot
  7575 | D        | Noticed a nagaraja
  7575 | D        | Noticed a nagaraja
  7584 | D        | Noticed a nagaraja
  7586 | D        | Killed Azrael
  7592 | D        | Noticed a nagaraja
  7593 | D        | Killed a nagaraja
  7595 | D        | Killed a nagaraja
  7598 | D        | Killed a nagaraja
  7601 | D        | Noticed a naga warrior
  7601 | D        | Killed a naga warrior
  7619 | D        | Noticed a nagaraja
  7631 | D        | Killed a nagaraja
  7646 | D        | Got a serpentine rune of Zot
  7810 | D        | Noticed an emperor scorpion
  7810 | D        | Noticed an emperor scorpion
  7821 | D        | Killed a nagaraja
  7826 | D        | Killed an ironheart preserver
  7848 | D        | Killed an emperor scorpion
  7877 | D        | Noticed an emperor scorpion
  7889 | D        | Killed an emperor scorpion
  8185 | D        | Noticed a merfolk impaler
  8185 | D        | Noticed a merfolk impaler
  8194 | D        | Killed a merfolk impaler
  8211 | D        | Killed Ilsuiw
  8214 | D        | Got a gossamer rune of Zot
  8214 | D        | Killed a merfolk impaler
  8221 | D        | Noticed a merfolk javelineer
  8229 | D        | Noticed a merfolk impaler
  8238 | D        | Killed a merfolk javelineer
  8249 | D        | Noticed a merfolk javelineer
  8257 | D        | Got a barnacled rune of Zot
  8394 | D        | Noticed Jory
  8413 | D        | Your ally died
  8580 | D        | Noticed a war gargoyle
  8580 | D        | Noticed an entropy weaver
  8580 | D        | Noticed an ettin
  8583 | D        | Killed an ettin
  8586 | D        | Killed an entropy weaver
  8594 | D        | Noticed an ironheart preserver
  8595 | D        | Noticed a shadow dragon
  8596 | D        | Noticed a tengu reaver
  8602 | D        | Killed a tengu reaver
  8607 | D        | Killed a shadow dragon
  8608 | D        | Noticed a shadow dragon
  8611 | D        | Killed a shadow dragon
  8614 | D        | Killed a vault warden
  8816 | D        | Killed a merfolk impaler
  9476 | D        | Killed an emperor scorpion
 10607 | D        | Your ally died
 10639 | D        | Killed from afar by Jory

Skill      XL: |  1  2  3  4  5  6  7  8  9 10 11 12 13 |
---------------+----------------------------------------+-----
Fighting       | 4 5 8 10 11 12 13 14 16 18 20 | 20.4
Armour         | 4 5 8 10 11 12 13 14 16 19 | 19.0
Shields        | 4 5 7 9 10 12 13 15 18 20 | 20.7
Axes           | 3 7 10 11 13 15 16 18 19 20 | 20.7
Dodging        | 1 3 4 6 8 9 10 | 10.3
Stealth        | 1 3 4 5 6 |  6.7
Evocations     | 2 3 |  3.2
Maces & Flails | 6 8 |  8.2

Action                   |  1- 3 |  4- 6 |  7- 9 | 10-12 | 13-15 || total
-------------------------+-------+-------+-------+-------+-------++-------
Melee: War axe           |    30 |     3 |    83 |   235 |       ||   351
       Headbutt          |     4 |     2 |    15 |   101 |    19 ||   141
       Flail             |       |       |       |    18 |       ||    18
       Broad axe         |       |       |       |   168 |    76 ||   244
Invok: Bribe Branch      |       |       |       |     1 |     2 ||     3
       Potion Petition   |       |       |       |       |     3 ||     3
Evoke: Wand              |       |       |     7 |       |       ||     7
  Use: Potion            |       |       |     2 |     4 |     7 ||    13
       Scroll            |       |       |       |     3 |     1 ||     4
 Stab: Distracted        |       |       |     1 |     4 |       ||     5
  Eat: Bread ration      |       |       |     1 |     2 |     1 ||     4
       Meat ration       |       |       |       |       |     3 ||     3
Armor: Scale mail        |    11 |       |       |       |       ||    11
       Ring mail         |     2 |     3 |    21 |    26 |       ||    52
       Plate armour      |       |       |       |    74 |    16 ||    90
Dodge: Dodged            |     6 |       |    20 |   103 |    18 ||   147
Block: Shield            |    13 |     1 |    45 |   163 |     3 ||   225
       Large shield      |       |       |       |       |    58 ||    58
